TOP OF THE 1ST |
Norfolk Tides batting - Pitching for Pawtucket Red Sox : LHP Adam Schneidewind
|
Pitching: LHP Adam Schneidewind
|
|
Batting: LHB Brian Feher
|
0-0: Swinging Strike 0-1: Ball 1-1: Foul Ball, location: 2F 1-2: Foul Ball, location: 2F 1-2: Strikes out looking
|
Batting: RHB Bobby Melillo
|
0-0: Ball 1-0: Called Strike 1-1: Called Strike 1-2: Ball 2-2: Ground out 5-3 (Groundball, 56, EV 84.4 MPH)
|
Batting: LHB Bob Melley
|
0-0: Called Strike 0-1: Ball 1-1: Foul Ball, location: 2F 1-2: Foul Ball, location: 2F 1-2: Strikes out swinging
|
Top of the 1st over - 0 runs, 0 hits, 0 errors, 0 left on base; Norfolk 0 - Pawtucket 0 |
BOTTOM OF THE 1ST |
Pawtucket Red Sox batting - Pitching for Norfolk Tides : RHP Wayne Lammers
|
Pitching: RHP Wayne Lammers
|
|
Batting: RHB John Chiesa
|
0-0: SINGLE (Groundball, 4MD, EV 104.4 MPH)
|
Batting: RHB Brandon Perris
|
0-0: Ball 1-0: Called Strike 1-1: Ball 2-1: Called Strike 2-2: Foul Ball, location: 2F 2-2: Fly out, F6 (Line Drive, 6M, EV 71.2 MPH)
|
Batting: LHB David Moore
|
0-0: Ball 1-0: Foul Ball, location: 2F 1-1: Grounds into double play, 5-4-3 (Groundball, 56, EV 105.6 MPH)
|
Bottom of the 1st over - 0 runs, 1 hit, 0 errors, 0 left on base; Norfolk 0 - Pawtucket 0 |
TOP OF THE 2ND |
Norfolk Tides batting - Pitching for Pawtucket Red Sox : LHP Adam Schneidewind
|
Batting: RHB Bobby Scholl
|
0-0: Fly out, F8 (Flyball, 8LD, EV 86.2 MPH)
|
Batting: RHB Ashton Holloway
|
0-0: Called Strike 0-1: Ball 1-1: Ball 2-1: Foul Ball, location: 2F 2-2: Fly out, F7 (Flyball, 78D, EV 78.1 MPH)
|
Batting: RHB Andy Chess
|
0-0: Ball 1-0: SINGLE (Groundball, 5D, EV 104.4 MPH)
|
Batting: RHB Jon Zimmerman
|
0-0: Ball 1-0: Ball 2-0: Foul Ball, location: 2F 2-1: Fielders Choice at 2nd, U4 (Groundball, 6MD, EV 103.1 MPH)
|
Top of the 2nd over - 0 runs, 1 hit, 0 errors, 1 left on base; Norfolk 0 - Pawtucket 0 |
BOTTOM OF THE 2ND |
Pawtucket Red Sox batting - Pitching for Norfolk Tides : RHP Wayne Lammers
|
Batting: RHB Ernie Genier
|
0-0: Ball 1-0: Ball 2-0: Foul Ball, location: 2F 2-1: Ball 3-1: Fly out, F6 (Line Drive, 6, EV 61.2 MPH)
|
Batting: LHB John Bailey
|
0-0: Ground out 4-3 (Groundball, 4M, EV 83.1 MPH)
|
Batting: RHB Eric Garrett
|
0-0: Ball 1-0: Ball 2-0: Ball 3-0: Called Strike 3-1: Base on Balls
|
Batting: RHB Neil Mautone
|
0-0: Ball 1-0: Called Strike Eric Garrett is caught stealing 2nd base 2-4
|
Bottom of the 2nd over - 0 runs, 0 hits, 0 errors, 0 left on base; Norfolk 0 - Pawtucket 0 |
TOP OF THE 3RD |
Norfolk Tides batting - Pitching for Pawtucket Red Sox : LHP Adam Schneidewind
|
Batting: LHB Pat Shaddock
|
0-0: Ball 1-0: Foul Ball, location: 2F 1-1: Ball 2-1: Ground out 6-3 (Groundball, 6MS, EV 63.1 MPH)
|
Batting: RHB Ryan Taylor
|
0-0: Foul Ball, location: 2F 0-1: Ground out 5-3 (Groundball, 56S, EV 73.8 MPH)
|
Batting: LHB Brian Feher
|
0-0: Ball 1-0: Foul Ball, location: 2F 1-1: SINGLE (Groundball, 4D, EV 100.0 MPH)
|
Batting: RHB Bobby Melillo
|
0-0: Ball 1-0: Called Strike Brian Feher is caught stealing 2nd base 2-4
|
Top of the 3rd over - 0 runs, 1 hit, 0 errors, 0 left on base; Norfolk 0 - Pawtucket 0 |
BOTTOM OF THE 3RD |
Pawtucket Red Sox batting - Pitching for Norfolk Tides : RHP Wayne Lammers
|
Batting: RHB Neil Mautone
|
0-0: Ball 1-0: Ball 2-0: Ball 3-0: Base on Balls
|
Batting: LHB Blake Sams
|
0-0: SINGLE (Groundball, 6D, EV 109.4 MPH) Neil Mautone to second
|
Batting: RHB Joe Evrard
|
0-0: Ball 1-0: Ball 2-0: Swinging Strike 2-1: Ball 3-1: Base on Balls Neil Mautone to third Blake Sams to second
|
Batting: RHB John Chiesa
|
0-0: Foul Ball, location: 2F 0-1: Ball 1-1: Called Strike 1-2: Ball 2-2: Foul Ball, location: 2F 2-2: Fielders Choice at 2nd, 3-6 (Groundball, 3S, EV 81.9 MPH) Neil Mautone scores Blake Sams to third
|
Batting: RHB Brandon Perris
|
0-0: Called Strike 0-1: Called Strike 0-2: Ball Passed Ball! Blake Sams scores John Chiesa to second 1-2: Strikes out swinging
|
Batting: LHB David Moore
|
0-0: Ball 1-0: Foul Ball, location: 2F 1-1: Ground out 1-3 (Groundball, P, EV 70.0 MPH)
|
Bottom of the 3rd over - 2 runs, 1 hit, 0 errors, 1 left on base; Norfolk 0 - Pawtucket 2 |
TOP OF THE 4TH |
Norfolk Tides batting - Pitching for Pawtucket Red Sox : LHP Adam Schneidewind
|
Batting: RHB Bobby Melillo
|
0-0: Ground out U3 (Groundball, 13, EV 91.2 MPH)
|
Batting: LHB Bob Melley
|
0-0: Called Strike 0-1: Swinging Strike 0-2: Strikes out swinging
|
Batting: RHB Bobby Scholl
|
0-0: Ball 1-0: Ground out 5-3 (Groundball, 5, EV 85.0 MPH)
|
Top of the 4th over - 0 runs, 0 hits, 0 errors, 0 left on base; Norfolk 0 - Pawtucket 2 |
BOTTOM OF THE 4TH |
Pawtucket Red Sox batting - Pitching for Norfolk Tides : RHP Wayne Lammers
|
Batting: RHB Ernie Genier
|
0-0: Foul Ball, location: 2F 0-1: Ball 1-1: Ball 2-1: Fly out, F8 (Flyball, 8LS, EV 78.1 MPH)
|
Batting: LHB John Bailey
|
0-0: Ball 1-0: Foul Ball, location: 2F 1-1: Foul Ball, location: 2F 1-2: Foul Ball, location: 2F 1-2: Strikes out swinging
|
Batting: RHB Eric Garrett
|
0-0: Ball 1-0: Foul Ball, location: 2F 1-1: Foul Ball, location: 2F 1-2: Foul Ball, location: 2F 1-2: Strikes out swinging
|
Bottom of the 4th over - 0 runs, 0 hits, 0 errors, 0 left on base; Norfolk 0 - Pawtucket 2 |
TOP OF THE 5TH |
Norfolk Tides batting - Pitching for Pawtucket Red Sox : LHP Adam Schneidewind
|
Batting: RHB Ashton Holloway
|
0-0: Called Strike 0-1: Ball 1-1: Swinging Strike 1-2: Fly out, F7 (Flyball, 7D, EV 101.2 MPH)
|
Batting: RHB Andy Chess
|
0-0: Called Strike 0-1: Foul Ball, location: 2F 0-2: Ball 1-2: Fly out, F7 (Flyball, 78D, EV 102.5 MPH)
|
Batting: RHB Jon Zimmerman
|
0-0: Ball 1-0: Ground out 6-3 (Groundball, 6, EV 96.9 MPH)
|
Top of the 5th over - 0 runs, 0 hits, 0 errors, 0 left on base; Norfolk 0 - Pawtucket 2 |
BOTTOM OF THE 5TH |
Pawtucket Red Sox batting - Pitching for Norfolk Tides : RHP Wayne Lammers
|
Batting: RHB Neil Mautone
|
0-0: Ball 1-0: Ball 2-0: Ball 3-0: Called Strike 3-1: Foul Ball, location: 2F 3-2: Foul Ball, location: 2F 3-2: Foul Ball, location: 2F 3-2: Base on Balls
|
Batting: LHB Blake Sams
|
0-0: Called Strike 0-1: Called Strike 0-2: Ball 1-2: Ball 2-2: Foul Ball, location: 2F 2-2: DOUBLE (Line Drive, 3D, EV 95.6 MPH) Neil Mautone to third
|
Batting: RHB Joe Evrard
|
0-0: Ball 1-0: Ground out 4-3 (Groundball, 4, EV 87.5 MPH)
|
Batting: RHB John Chiesa
|
0-0: Called Strike 0-1: Ground out 5-3 (Groundball, 5, EV 104.4 MPH)
|
Batting: RHB Brandon Perris
|
0-0: Foul Ball, location: 2F 0-1: Fly out, F7 (Flyball, 7, EV 78.8 MPH)
|
Bottom of the 5th over - 0 runs, 1 hit, 0 errors, 2 left on base; Norfolk 0 - Pawtucket 2 |
TOP OF THE 6TH |
Norfolk Tides batting - Pitching for Pawtucket Red Sox : LHP Adam Schneidewind
|
Batting: LHB Pat Shaddock
|
0-0: Ball 1-0: Foul Ball, location: 2F 1-1: Called Strike 1-2: Ball 2-2: Foul Ball, location: 2F 2-2: DOUBLE (Line Drive, 89XD, EV 97.5 MPH)
|
Batting: RHB Ryan Taylor
|
0-0: Fly out, F8 (Flyball, 8LD, EV 94.4 MPH)
|
Batting: LHB Brian Feher
|
0-0: Called Strike 0-1: Ball 1-1: Ball 2-1: Called Strike 2-2: Foul Ball, location: 2F 2-2: Foul Ball, location: 2F 2-2: Fly out, F9 (Flyball, 9LSF, EV 85.0 MPH)
|
Batting: RHB Bobby Melillo
|
0-0: Called Strike 0-1: Ball 1-1: Ball 2-1: Fly out, F8 (Flyball, 8RD, EV 90.6 MPH)
|
Top of the 6th over - 0 runs, 1 hit, 0 errors, 1 left on base; Norfolk 0 - Pawtucket 2 |
BOTTOM OF THE 6TH |
Pawtucket Red Sox batting - Pitching for Norfolk Tides : RHP Wayne Lammers
|
Batting: LHB David Moore
|
0-0: Ball 1-0: Called Strike 1-1: Foul Ball, location: 2F 1-2: Ball 2-2: SOLO HOME RUN (Flyball, 9LD, EV 89.4 MPH), Distance : 333 ft
|
Batting: RHB Ernie Genier
|
0-0: Ball 1-0: Called Strike 1-1: Ground out 6-3 (Groundball, 6, EV 84.4 MPH)
|
Batting: LHB John Bailey
|
0-0: Foul Ball, location: 2F 0-1: Ball 1-1: Called Strike 1-2: Fly out, F9 (Flyball, 89XD, EV 95.0 MPH)
|
Batting: RHB Eric Garrett
|
0-0: Called Strike 0-1: Fly out, F9 (Flyball, 9LM, EV 93.8 MPH)
|
Bottom of the 6th over - 1 run, 1 hit, 0 errors, 0 left on base; Norfolk 0 - Pawtucket 3 |
TOP OF THE 7TH |
Norfolk Tides batting - Pitching for Pawtucket Red Sox : LHP Adam Schneidewind
|
Batting: LHB Bob Melley
|
0-0: Fly out, F6 (Line Drive, 6M, EV 68.1 MPH)
|
Batting: RHB Bobby Scholl
|
0-0: Foul Ball, location: 2F 0-1: Ball 1-1: Ground out 4-3 (Groundball, 4, EV 78.8 MPH)
|
Batting: RHB Ashton Holloway
|
0-0: Called Strike 0-1: Called Strike 0-2: Ball 1-2: Ball 2-2: Strikes out swinging
|
Top of the 7th over - 0 runs, 0 hits, 0 errors, 0 left on base; Norfolk 0 - Pawtucket 3 |
BOTTOM OF THE 7TH |
Pawtucket Red Sox batting - Pitching for Norfolk Tides : RHP Wayne Lammers
|
Batting: RHB Neil Mautone
|
0-0: Called Strike 0-1: Ball 1-1: Ground out 6-3 (Groundball, 6, EV 88.8 MPH)
|
Batting: LHB Blake Sams
|
0-0: Ball 1-0: Called Strike 1-1: Foul Ball, location: 2F 1-2: Ball 2-2: Foul Ball, location: 2F 2-2: Strikes out swinging
|
Batting: RHB Joe Evrard
|
0-0: Ball 1-0: Ball 2-0: Ground out 2-3 (Groundball, 15S, EV 61.2 MPH)
|
Bottom of the 7th over - 0 runs, 0 hits, 0 errors, 0 left on base; Norfolk 0 - Pawtucket 3 |
TOP OF THE 8TH |
Norfolk Tides batting - Pitching for Pawtucket Red Sox : LHP Adam Schneidewind
|
Batting: RHB Andy Chess
|
0-0: Ball 1-0: DOUBLE (Groundball, 5L, EV 94.4 MPH)
|
Batting: RHB Jon Zimmerman
|
0-0: Ball 1-0: Foul Ball, location: 2F 1-1: Called Strike 1-2: Ball 2-2: Ground out 6-3 (Groundball, 6, EV 83.1 MPH)
|
Pinch Hitting: RHB Mario Saez
|
0-0: Ball 1-0: Ground out 6-3 (Groundball, 6, EV 101.2 MPH)
|
Batting: RHB Ryan Taylor
|
0-0: Ground out 6-3 (Groundball, 6, EV 106.2 MPH)
|
Top of the 8th over - 0 runs, 1 hit, 0 errors, 1 left on base; Norfolk 0 - Pawtucket 3 |
BOTTOM OF THE 8TH |
Pawtucket Red Sox batting - Pitching for Norfolk Tides : RHP Wayne Lammers
|
Pitching: LHP John Schipper
|
|
Now at 1B: Wes Goscinski
|
|
Batting: RHB John Chiesa
|
0-0: Ball 1-0: Ball 2-0: Ball 3-0: Base on Balls
|
Batting: RHB Brandon Perris
|
0-0: Ball 1-0: Ball 2-0: Ball 3-0: Base on Balls John Chiesa to second
|
Batting: LHB David Moore
|
0-0: Foul Ball, location: 2F 0-1: Grounds into double play, 4-6-3 (Groundball, 4, EV 83.1 MPH) John Chiesa to third
|
Batting: RHB Ernie Genier
|
0-0: Foul Ball, location: 2F 0-1: Swinging Strike 0-2: Ground out 5-3 (Groundball, 56, EV 88.8 MPH)
|
Bottom of the 8th over - 0 runs, 0 hits, 0 errors, 1 left on base; Norfolk 0 - Pawtucket 3 |
TOP OF THE 9TH |
Norfolk Tides batting - Pitching for Pawtucket Red Sox : LHP Adam Schneidewind
|
Pitching: RHP John Jordan
|
|
Batting: LHB Brian Feher
|
0-0: Swinging Strike 0-1: Swinging Strike 0-2: Foul Ball, location: 2F 0-2: Ball 1-2: Foul Ball, location: 2F 1-2: Strikes out swinging
|
Batting: RHB Bobby Melillo
|
0-0: Foul Ball, location: 2F 0-1: Ball 1-1: Ball 2-1: Foul Ball, location: 2F 2-2: Ball 3-2: Foul Ball, location: 2F 3-2: Strikes out swinging
|
Batting: LHB Bob Melley
|
0-0: Ball 1-0: Ball 2-0: Swinging Strike 2-1: Ball 3-1: Base on Balls
|
Batting: RHB Bobby Scholl
|
0-0: Called Strike 0-1: Ball 1-1: Ball 2-1: Foul Ball, location: 2F 2-2: Ground out 4-3 (Groundball, 34, EV 98.1 MPH)
|
Top of the 9th over - 0 runs, 0 hits, 0 errors, 1 left on base; Norfolk 0 - Pawtucket 3 |
|